 Dungeon Crawl Stone Soup version 0.21-a0-521-g1cd18d1 (webtiles) character file.

64 Gerstahl the Insei (level 3, -2/28 HPs)
             Began as a Demonspawn Transmuter on Dec 5, 2017.
             Slain by an orc wizard
             ... wielding a +0 dagger
              (3 damage)
             ... on level 3 of the Dungeon.
             The game lasted 00:03:17 (2539 turns).

Gerstahl the Insei (Demonspawn Transmuter)          Turns: 2539, Time: 00:03:18

Health: -2/28      AC:  4    Str: 10    XL:     3   Next: 91%
Magic:  5/6        EV: 12    Int: 15    God:
Gold:   95         SH:  0    Dex: 13    Spells: 5/6 levels left

rFire    . . .     SeeInvis .     - Unarmed
rCold    . . .     Gourm    .   (no shield)
rNeg     . . .     Faith    .   b - +0 robe
rPois    .         Spirit   .   (no helmet)
rElec    .         Reflect  .   (no cloak)
rCorr    .         Harm     .   (no gloves)
MR       .....                  (no boots)
Stlth    +.........             (no amulet)
HPRegen  0.09/turn              (no ring)
MPRegen  0.10/turn              (no ring)

@: appendage
A: hooves 1, horns 2, thin metallic scales 1
a: End Transformation


You were on level 3 of the Dungeon.
You were hungry.
You had grown temporary horns.
You visited 1 branch of the dungeon, and saw 3 of its levels.

You collected 95 gold pieces.

Inventory:

Missiles
 a - 12 arrows
Armour
 b - a +0 robe (worn)
Scrolls
 e - a scroll of amnesia {unknown}
 f - 2 scrolls of fog {unknown}
 i - 4 scrolls of remove curse {unknown}
 k - 3 scrolls of identify {unknown}
 o - a scroll of teleportation {unknown}
 p - a scroll of enchant armour {unknown}
Potions
 h - 4 potions of might {unknown}
 l - 2 potions of lignification {unknown}
 m - 2 potions of brilliance {unknown}
 n - 3 potions of curing {unknown}
 q - 2 potions of ambrosia {unknown}
 r - a potion of heal wounds {unknown}
Books
 c - a book of Changes

   Spells                             Type                      Level
   a - Beastly Appendage              Transmutation                1
   b - Sticks to Snakes               Transmutation                2
   c - Spider Form                    Transmutation/Poison         3
   d - Ice Form                       Ice/Transmutation            4
   e - Blade Hands                    Transmutation                5
Comestibles
 d - 2 bread rations
 g - 2 meat rations
 j - 2 royal jellies


   Skills:
 + Level 2.7 Fighting
 - Level 1.7 Dodging
 + Level 3.6 Unarmed Combat
 - Level 2.0 Spellcasting
 - Level 1.7 Transmutations


You had 5 spell levels left.
You knew the following spells:

 Your Spells              Type           Power        Failure   Level  Hunger
a - Beastly Appendage     Tmut           #.....       11%         1    #......


Dungeon Overview and Level Annotations

Branches:
Dungeon (3/15)

Altars:
Kikubaaqudgha


Innate Abilities, Weirdness & Mutations

You have large cloven feet.
You are partially covered in thin metallic scales. (AC +2)
You have a pair of horns on your head.


Message History

You grow a pair of large bovine horns.
The orc wizard gestures wildly while chanting.
The orc wizard blinks!
The orc barely misses you. The orc wizard barely misses you.
You barely miss the orc wizard. Your headbutt misses the orc wizard.
The orc wizard is almost dead.
The orc wizard points at you and mumbles some strange words.
The magic dart hits you! The orc closely misses you.
The orc wizard completely misses you.
You closely miss the orc wizard.
The orc wizard is almost dead.
The orc hits you but does no damage. The orc wizard closely misses you.
You closely miss the orc wizard. Your kick misses the orc wizard.
The orc wizard is almost dead.
The orc hits you with a hand axe.
* * * LOW HITPOINT WARNING * * *
The orc wizard hits you with a dagger.
* * * LOW HITPOINT WARNING * * *
The orc wizard hits you with a dagger.
You die...

## <.# ###### ...
#....# $.
#....#########.#
#....o.(.<(((..#
#....o##########
####..)@o#
#########....##>....#
##..........####..(.##
#..########......####
..######....####.#
.........##.# #.#
###########.# #.#
###..# #.# ##...##


You could see 2 orc wizards and an orc.

Vanquished Creatures
  An adder (D:2)
  An ooze (D:1)
  A dart slug (D:1)
  2 leopard geckos (D:1)
  2 orcs (D:3)
  2 giant cockroaches
  6 goblins
  3 hobgoblins
  4 jackals (D:1)
  6 kobolds
  A ball python (D:1)
  4 bats
  4 frilled lizards
  8 rats
45 creatures vanquished.

Notes
Turn   | Place    | Note
-------+----------+-------------------------------------------
     0 | D:1      | Gerstahl the Demonspawn Transmuter began the quest for the Orb.
     0 | D:1      | Reached XP level 1. HP: 15/15 MP: 3/3
    42 | D:1      | Reached skill level 3 in Unarmed Combat
    42 | D:1      | Gained mutation: You are partially covered in thin metallic scales. (AC +2) [demonic ancestry]
    42 | D:1      | Reached XP level 2. HP: 9/21 MP: 5/5
   869 | D:1      | Lost mutation: You have claws for feet. [demonic ancestry]
   869 | D:1      | Lost mutation: You have razor-sharp toenails. [demonic ancestry]
   869 | D:1      | Lost mutation: You have sharp toenails. [demonic ancestry]
   869 | D:1      | Gained mutation: You have large cloven feet. [demonic ancestry]
   869 | D:1      | Reached XP level 3. HP: 9/27 MP: 4/6
  2434 | D:3      | Found an ancient bone altar of Kikubaaqudgha.
  2538 | D:3      | HP: 1/28 [orc wizard/dagger (3)]
  2539 | D:3      | Slain by an orc wizard

Vault maps used:
D:1:      dpeg_arrival_line_fractal
D:2:      first_bread, minmay_tree_intersection
D:3:      okawaru_metal_pillars_1_2, nicolae_gozag_seed_capital,
          kiku_gazebo_pond_becter

Skill      XL: |  1  2 |
---------------+-------+-----
Unarmed Combat | 3 |  3.6
Fighting       | 2 |  2.7
Dodging        | |  1.7
Spellcasting   | |  2.0
Transmutations | |  1.7

Action                   || total
-------------------------++-------
Melee: Unarmed           ||   184
       Kick              ||    15
       Headbutt          ||     6
       Punch             ||     3
 Cast: Beastly Appendage ||    17
 Stab: Sleeping          ||     1
  Eat: Chunk             ||     5
Armor: Robe              ||    53
Dodge: Dodged            ||   131

Table legend:
 A = Spawn XP
 B = Non-spawn XP
 C = Spawn XP percentage of total XP
 D = Spawn monster count
 E = Non-spawn monster count
 F = Spawn count percentage of total count
 G = Total turns spent on level
                    A         B        C        D         E        F      G
               +---------+---------+-------+---------+---------+-------+---------
         Total |       0 |      92 |   0.0 |       0 |      45 |   0.0 |  2539
               +---------+---------+-------+---------+---------+-------+---------
           D:1 |       0 |      53 |   0.0 |       0 |      29 |   0.0 |  1363
           D:2 |       0 |      29 |   0.0 |       0 |      12 |   0.0 |   895
           D:3 |       0 |      10 |   0.0 |       0 |       4 |   0.0 |   281
               +---------+---------+-------+---------+---------+-------+---------
